 Dungeon Crawl Stone Soup version 0.30-a0-939-gc8157cb160 (webtiles) character file.

Game seed: 1869448068783371013

14809 hairmachine the Bludgeoner (level 11, -8/104 HPs)
             Began as a Minotaur Artificer on Mar 25, 2023.
             Was an Initiate of Yredelemnul.
             Mangled by a sun demon (10 damage)
             ... led by a balrug
             ... on level 2 of the Abyss.
             The game lasted 00:51:44 (11913 turns).

hairmachine the Bludgeoner (Minotaur Artificer)    Turns: 11913, Time: 00:51:45

Health: -8/104     AC: 21    Str: 22    XL:     11   Next: 93%
Magic:  10/10      EV: 12    Int:  8    God:    Yredelemnul [......]
Gold:   979        SH:  0    Dex: 10    Spells: 10/10 levels left

rFire   . . .      SeeInvis .    w - +3 eveningstar (chaos)
rCold   . . .      Faith    .    (no shield)
rNeg    . . .      Spirit   .    q - +0 plate armour
rPois   +          Reflect  .    (helmet restricted)
rElec   .          Rampage  .    p - +2 cloak
rCorr   .                        l - +2 pair of gloves
Will    .....                    (no boots) Stlth
                                 z - amulet of regeneration
HPRegen 0.00/turn                k - +5 ring of evasion
MPRegen 0.12/turn                a - ring of poison resistance

@: about to teleport, sick
A: horns 2, retaliatory headbutt
a: Renounce Religion, Recall Undead Harvest


You were on level 2 of the Abyss.
You worshipped Yredelemnul.
Yredelemnul was noncommittal.
You visited 3 branches of the dungeon, and saw 14 of its levels.
You visited the Abyss 1 time.

You collected 979 gold pieces.

Inventory:

Hand Weapons
 w - a +3 eveningstar of chaos (weapon)
 F - a +1 scimitar of flaming
Missiles
 b - 11 poisoned darts
 i - 114 stones
Armour
 l - a +2 pair of gloves (worn)
 p - a +2 cloak (worn)
 q - a +0 plate armour (worn)
 t - a +0 cloak of preservation
Jewellery
 a - a ring of poison resistance (right hand)
 e - the amulet "Ytyojiqi" {Acrobat Int+2 Stlth+}
   (You took it off an orc wizard on level 10 of the Dungeon)

   [amulet of the acrobat]

   It increases your evasion while moving and waiting.
   Int:       It affects your intelligence (+2).
   Stlth:     It makes you more stealthy.
 k - a +5 ring of evasion (left hand)
 o - a ring of willpower
 z - an amulet of regeneration (around neck)
 B - a +5 ring of evasion
Wands
 c - a wand of flame (23) (quivered)
 d - a wand of charming (26)
 j - a wand of iceblast (6)
 A - a wand of polymorph (12)
 E - a wand of digging (18)
Scrolls
 f - a scroll of butterflies
 g - 2 scrolls of teleportation
 n - a scroll of identify
 r - 2 scrolls of enchant armour
 s - a scroll of vulnerability
 y - 3 scrolls of amnesia
 C - a scroll of magic mapping {unknown}
 L - a scroll of enchant weapon
Potions
 h - 4 potions of magic
 m - 2 potions of brilliance
 u - 2 potions of mutation
 v - a potion of berserk rage
 x - 2 potions of heal wounds
 D - a potion of flight {unknown}
 G - 2 potions of curing
 H - a potion of degeneration {unknown}
 I - 2 potions of attraction
 J - a potion of might {unknown}
 K - a potion of haste


   Skills:
 + Level 11.8 Fighting
 - Level 16.0 Maces & Flails
 - Level 10.0 Armour
 - Level 1.1 Dodging
 - Level 0.7 Stealth
 - Level 6.0 Evocations


You had 10 spell levels left.
You didn't know any spells.
Your spell library contained the following spells:

 Spells                   Type           Power      Damage    Failure   Level
 Apportation              Tloc           0%         N/A       99%         1
 Kiss of Death            Conj/Necr      0%         2d5       99%         1
 Necrotise                Necr           0%         1d4       99%         1
 Sting                    Tmut/Pois      0%         1d3       99%         1
 Summon Small Mammal      Summ           0%         N/A       99%         1
 Ensorcelled Hibernation  Hex/Ice        0%         N/A       100%        2
 Passwall                 Tmut/Erth      0%         N/A       100%        2
 Poisonous Vapours        Pois/Air       0%         N/A       100%        2
 Call Canine Familiar     Summ           0%         N/A       100%        3
 Confusing Touch          Hex            0%         N/A       100%        3
 Dazzling Flash           Conj/Hex       0%         N/A       100%        3
 Inner Flame              Hex/Fire       0%         N/A       100%        3
 Portal Projectile        Hex/Tloc       0%         N/A       100%        3
 Swiftness                Air            0%         N/A       100%        3
 Tukima's Dance           Hex            0%         N/A       100%        3
 Cause Fear               Hex            0%         N/A       100%        4
 Dispel Undead            Necr           0%         3d6       100%        4
 Leda's Liquefaction      Hex/Erth       0%         N/A       100%        4
 Olgreb's Toxic Radiance  Pois           0%         N/A       100%        4
 Agony                    Necr           0%         N/A       100%        5
 Blade Hands              Tmut           0%         N/A       100%        5
 Freezing Cloud           Conj/Ice/Air   0%         6-21      100%        5
 Silence                  Hex/Air        0%         N/A       100%        5
 Haunt                    Necr/Summ      0%         N/A       100%        7
 Discord                  Hex            0%         N/A       100%        8
 Infestation              Necr           0%         N/A       100%        8
 Polar Vortex             Ice            0%         N/A       100%        9
 Animate Dead             Necr           Unusable   N/A       N/A         4
 Simulacrum               Ice/Necr       Unusable   N/A       N/A         6

Dungeon Overview and Level Annotations

Branches:
Dungeon (11/15)            Temple (1/1) D:4            Lair (2/5) D:10
  Swamp (0/4) Lair:2          Orc (0/2) D:9
  Snake: Lair:2-3    Spider: Lair:2-3

Altars:
Ashenzari
Cheibriados
Dithmenos
Elyvilon
Fedhas
Gozag
Hepliaklqana
Kikubaaqudgha
Makhleb
Nemelex Xobeh
Okawaru
Qazlal
Ru
Sif Muna
Trog
Uskayaw
Vehumet
Wu Jian
Xom
Yredelemnul
Zin
The Shining One

Shops:
D:2 [   D:9 (

Annotations:
D:10 exclusion: 2 upstairs
Lair:2 Sonja


Innate Abilities, Weirdness & Mutations

You have a pair of horns on your head.
You reflexively headbutt those who attack you in melee.


Message History

You punch the demonic crawler, but do no damage.
The demonic crawler is lightly wounded.
The flying skull hits you!
The demonic crawler hits you but does no damage. x2
The demonic crawler hits you.
You hit the flying skull.
The flying skull seems to grow stronger.
Your headbutt misses the flying skull.
The flying skull is lightly damaged.
The flying skull hits you! The demonic crawler barely misses you.
The demonic crawler hits you but does no damage.
The demonic crawler closely misses you.
You puncture the flying skull!
The flying skull suddenly seems more resistant.
The flying skull is heavily damaged.
The flying skull hits you but does no damage.
The demonic crawler barely misses you. The demonic crawler hits you!
The demonic crawler barely misses you. The flying skull hits you.
You sock the flying skull!
You destroy the flying skull!
The demonic crawler completely misses you.
The demonic crawler misses you. x2
The demonic crawler attacks as you move away!
The demonic crawler hits you. The demonic crawler misses you. x2
A ynoxinul comes into view.
The demonic crawler hits you!
* * * LOW HITPOINT WARNING * * *
The demonic crawler closely misses you. The demonic crawler hits you!
* * * LOW HITPOINT WARNING * * *
As you read the scroll of teleportation, it crumbles to dust.
You feel strangely unstable.
You feel the power of the Abyss delaying your translocation!
The ynoxinul gestures.
The sun demon attacks as you move away! The sun demon barely misses you.
You furiously retaliate!
You headbutt the sun demon! The sun demon attacks as you move away!
The sun demon hits you!!
* * * LOW HITPOINT WARNING * * *
You are engulfed in flames!
You die...
Your body rises from the dead as a mindless zombie.

ยง ##### ###
###...# #..
#..##@#
..#..
#..3#..#
##.##..###.#
##.##s# .#
#.3s..## #
.. ..5######
...#. #.## .
#. ### ..


You could see a demonic crawler and a sun demon.

Vanquished Creatures
  Harold (D:9)
  A two-headed ogre (D:11)
  Amaemon (D:9)
  Pikel (D:6)
  Maurice (D:10)
  Joseph (D:8)
  Maggie (D:9)
  2 cane toads
  An orange demon (D:9)
  2 ancient zymes (Abyss:2)
  A troll (D:7)
  3 blink frogs (Lair:1)
  A flying skull (Abyss:2)
  A wraith (D:9)
  16 yaks
  2 wyverns
  A vampire (D:11)
  A steam dragon (D:9)
  A vampire mosquito (D:10)
  2 acid dragons
  5 water moccasins
  4 orc warriors
  A swamp drake (Lair:2)
  A black bear (D:5)
  2 ice beasts (D:6)
  3 sky beasts
  2 centaurs
  2 ogres
  5 wolves (Lair:1)
  A lemure (D:6)
  A phantom (D:6)
  A kobold brigand (D:8)
  3 bullfrogs
  A necrophage (D:5)
  4 scorpions
  8 killer bees
  A howler monkey (D:9)
  2 jellies
  A gnoll bouda (Lair:1)
  9 orc priests
  5 hounds
  2 iguanas
  2 hell rats (Lair:2)
  16 orc wizards
  A hound skeleton (D:5)
  5 gnolls
  8 adders
  A white imp (D:6)
  A worm (D:3)
  4 dart slugs
  54 orcs
  7 bats
  5 endoplasms
  3 giant cockroaches (D:1)
  13 goblins
  4 hobgoblins
  A jackal (D:5)
  6 quokkas
  9 ball pythons
  3 frilled lizards (D:2)
  13 kobolds
  4 rats
265 creatures vanquished.

Vanquished Creatures (collateral kills)
  A blink frog (Lair:1)
  3 yaks
  Grum (Lair:1)
  A vampire mosquito (D:10)
  2 wolves (Lair:1)
  A centaur (D:10)
  A gnoll sergeant (D:10)
  A killer bee (D:11)
  A howler monkey (D:8)
  A hound (D:7)
  A sleepcap (D:6)
  2 gnolls (D:10)
  6 orcs
  3 kobolds (D:8)
25 creatures vanquished.

Vanquished Creatures (others)
  2 cane toad zombies
  3 lemures (D:6)
  A wyvern zombie (D:9)
  A water moccasin zombie (Lair:2)
  2 wolf zombies (Lair:1)
  2 centaur zombies
  A bullfrog zombie (D:8)
  A gnoll bouda (D:4)
  A scorpion zombie (D:6)
  2 killer bee zombies (D:11)
  An acid dragon zombie (D:11)
  A hound zombie (D:6)
  A howler monkey zombie (D:8)
  A steam dragon zombie (D:9)
  An adder zombie (D:4)
  3 gnoll zombies (D:4)
  An iguana zombie (Lair:2)
  A spectral white imp (D:6)
  A ball python zombie (D:4)
  A jackal zombie (D:5)
  5 kobold zombies
  19 orc zombies
  A quokka zombie (D:4)
  5 fungi
  38 plants
96 creatures vanquished.

Grand Total: 386 creatures vanquished

Notes
Turn   | Place    | Note
-------+----------+-------------------------------------------
     0 | D:1      | hairmachine the Minotaur Artificer began the quest for the
                  | Orb.
     0 | D:1      | Reached XP level 1. HP: 16/16 MP: 0/0
   112 | D:1      | Reached skill level 1 in Maces & Flails
   221 | D:1      | Reached skill level 2 in Maces & Flails
   235 | D:1      | Reached XP level 2. HP: 23/23 MP: 1/1
  1011 | D:1      | Reached skill level 3 in Maces & Flails
  1112 | D:1      | Reached XP level 3. HP: 28/28 MP: 2/2
  1883 | D:2      | Found Deureser's Armour Shoppe.
  1904 | D:2      | Reached skill level 4 in Maces & Flails
  2279 | D:3      | Reached skill level 5 in Maces & Flails
  2279 | D:3      | Reached XP level 4. HP: 35/35 MP: 3/3
  2900 | D:4      | Found a staircase to the Ecumenical Temple.
  2913 | D:4      | Reached XP level 5. HP: 40/40 MP: 4/4
  2927 | D:4      | Reached skill level 6 in Maces & Flails
  2929 | D:4      | Noticed an ogre
  3069 | D:4      | Found a broken altar of Ashenzari.
  3285 | Temple   | Entered the Ecumenical Temple
  3482 | Temple   | Became a worshipper of Yredelemnul the Dark
  3688 | D:4      | Reached skill level 7 in Maces & Flails
  3694 | D:4      | Reached XP level 6. HP: 32/47 MP: 5/5
  3707 | D:4      | Reached * piety under Yredelemnul
  4193 | D:5      | Entered Level 5 of the Dungeon
  4350 | D:5      | Reached skill level 8 in Maces & Flails
  4400 | D:5      | Found a burning altar of Makhleb.
  4485 | D:5      | Found a sparkling altar of Nemelex Xobeh.
  4485 | D:5      | Found a hazy altar of Hepliaklqana.
  4522 | D:5      | Reached XP level 7. HP: 52/52 MP: 6/6
  4572 | D:5      | Reached skill level 9 in Maces & Flails
  4957 | D:5      | Reached ** piety under Yredelemnul
  4958 | D:5      | Reached skill level 10 in Maces & Flails
  5453 | D:6      | Reached XP level 8. HP: 40/59 MP: 7/7
  5468 | D:6      | Reached skill level 11 in Maces & Flails
  5575 | D:6      | Reached skill level 12 in Maces & Flails
  5608 | D:6      | Noticed Pikel
  5637 | D:6      | Killed Pikel
  5638 | D:6      | Reached skill level 13 in Maces & Flails
  5673 | D:6      | You fall into a shaft and drop 3 floors!
  5699 | D:9      | Found Goclueh's Hydra Hut.
  5755 | D:9      | Found a staircase to the Orcish Mines.
  5767 | D:10     | Entered Level 10 of the Dungeon
  6016 | D:10     | Reached XP level 9. HP: 30/64 MP: 6/8
  6038 | D:10     | Reached skill level 14 in Maces & Flails
  6305 | D:10     | Found a staircase to the Lair.
  6348 | D:9      | Noticed Harold
  6383 | D:10     | Identified the amulet "Ytyojiqi" {Acrobat Int+2 Stlth+}
  6507 | Lair:1   | Entered Level 1 of the Lair of Beasts
  6539 | Lair:1   | Noticed a cane toad
  6557 | D:10     | Found a bloodstained altar of Trog.
  6767 | D:10     | Killed a cane toad
  6768 | D:10     | Reached skill level 15 in Maces & Flails
  6780 | D:10     | Noticed Maurice
  6797 | D:10     | Killed Maurice
  6817 | D:10     | Found an ornate altar of the Wu Jian Council.
  6859 | D:10     | Reached skill level 16 in Maces & Flails
  7624 | D:11     | Reached XP level 10. HP: 77/77 MP: 9/9
  7806 | D:11     | Noticed a two-headed ogre
  7828 | D:11     | Killed a two-headed ogre
  7829 | D:11     | Reached skill level 5 in Fighting
  7829 | D:11     | Reached skill level 5 in Armour
  7852 | D:11     | Noticed a skeletal warrior
  8156 | D:9      | Noticed Amaemon
  8156 | D:9      | Noticed an orange demon
  8566 | D:6      | Found a sacrificial altar of Ru.
  8931 | D:7      | Found Zuir's General Store.
  8952 | D:7      | Found a white marble altar of Elyvilon.
  9524 | D:8      | Reached *** piety under Yredelemnul
  9677 | D:8      | Noticed Joseph
  9696 | D:8      | Killed Joseph
  9697 | D:8      | Reached XP level 11. HP: 95/95 MP: 10/10
  9927 | D:9      | Killed Harold
  9939 | D:9      | Killed Amaemon
 10024 | D:9      | Noticed Maggie
 10036 | D:9      | Killed Maggie
 10037 | D:9      | Reached skill level 10 in Armour
 10065 | D:9      | Noticed an eight-headed hydra
 10263 | D:9      | Reached skill level 10 in Fighting
 10490 | D:9      | Found a hide-covered altar of Uskayaw.
 10897 | Lair:1   | Noticed Grum
 10913 | Lair:1   | Killed Grum
 11014 | Lair:1   | Reached skill level 5 in Evocations
 11495 | Lair:1   | Reached **** piety under Yredelemnul
 11496 | Lair:1   | Reached ***** piety under Yredelemnul
 11742 | Lair:2   | Found a staircase to the Swamp.
 11773 | Lair:2   | Noticed Sonja
 11787 | Abyss:2  | Cast into level 2 of the Abyss (Sonja)
 11824 | Abyss:2  | Noticed a starcursed mass
 11828 | Abyss:2  | Noticed a starcursed mass
 11833 | Abyss:2  | Noticed a thrashing horror
 11899 | Abyss:2  | Noticed a sun demon
 11913 | Abyss:2  | HP: 2/104 [sun demon[a balrug] (19)]
 11913 | Abyss:2  | Mangled by a sun demon

Illustrated notes

Levels and vault maps discovered:
D:1:      nicolae_arrival_memento_mori, layout_basic
D:2:      layout_basic, serial_shops, nicolae_shop_trees
D:3:      layout_rooms, minmay_pentangle
D:4:      layout_loops_ring, ashenzari_altar_1, minmay_temple_entry_sparse_star,
          gup_sewer_entry_bowl, hangedman_decor_lopped
D:5:      layout_loops_corners, makhleb_blood_cavern_becter,
          jmf_multi_god_temple, kennysheep_small_spiral,
          kennysheep_generic_room_16
D:6:      layout_rooms, marbit_many_paths, nicolae_ossuary_entry_monument,
          uniq_pikel
D:7:      layout_loops_ring, nicolae_elyvilon_peaceful_grove, serial_shops, shop
D:8:      layout_gridville, serial_glass, glass_columns_b, glass_columns_c,
          uniq_joseph
D:9:      layout_roguey, eat_drink_and_be_merry_uskayaw, hiddenorc2_lemuel,
          enter_bailey_6, doesnt_shop_hydraphobe, uniq_amaemon, uniq_maggie,
          uniq_harold
D:10:     layout_cave_pools, mainiacjoe_overflow_small_starburst,
          mainiacjoe_overflow_paths, lair_entry_dummy, uniq_maurice
D:11:     layout_grid_maze
Temple:   nicolae_temple_bog_church
Lair:1:   layout_cellular_growth, serial_forest, infiniplex_forest_corner_2,
          infiniplex_forest_side_room, infiniplex_forest_lined_room_2,
          infiniplex_forest_lined_2, infiniplex_forest_clump_long,
          infiniplex_forest_end_1, infiniplex_forest_straight_4,
          dreamdust_mushroom_princess, st_stairs_5,
          chequers_serial_rivers_marsh, dreamdust_gnoll_shepherd, uniq_grum
Lair:2:   layout_cave_pods, minmay_swamp_entry_reptiles,
          nicolae_volcano_entry_hallway, infiniplex_staircase_pool_2,
          serial_bayou_shore_b, grunt_megastairs_4, lemuel_fruit_fields,
          uniq_sonja
Abyss:2:  base: D:3, hangedman_abyss_mock_shop

Skill      XL: |  1  2  3  4  5  6  7  8  9 10 11 |
---------------+----------------------------------+-----
Maces & Flails | 2 3 5 7 8 10 13 16 | 16.0
Fighting       | 3 8 11 | 11.8
Armour         | 4 8 10 | 10.0
Evocations     | 6 |  6.0
Dodging        | |  1.1
Stealth        | |  0.7

Action                     |  1- 3 |  4- 6 |  7- 9 | 10-12 || total
---------------------------+-------+-------+-------+-------++-------
  Melee: Club              |    11 |       |       |       ||    11
         Mace              |    85 |     3 |       |       ||    88
         Headbutt          |     8 |    11 |    19 |    57 ||    95
         Flail             |       |    44 |       |       ||    44
         Eveningstar       |       |    63 |   224 |   360 ||   647
         Punch             |       |     1 |     2 |     5 ||     8
  Throw: Dart              |       |     6 |       |       ||     6
 Invoke: Recall Undead Har |       |     1 |     1 |       ||     2
  Evoke: Wand              |     5 |     7 |    14 |    11 ||    37
    Use: Scroll            |       |     3 |    10 |    13 ||    26
         Potion            |       |       |     7 |     1 ||     8
   Stab: Distracted        |       |       |     3 |     2 ||     5
         Paralysed         |       |       |       |     1 ||     1
 Armour: Ring mail         |    35 |       |       |       ||    35
         Plate armour      |    32 |    74 |   138 |   165 ||   409
         Skin              |       |       |    47 |       ||    47
  Dodge: Dodged            |    50 |    24 |    80 |   176 ||   330

Table legend: (Time is in decaauts)
 A = Elapsed time spent in this place.
 B = Non-inter-level travel time spent in this place.
 C = Inter-level travel time spent in this place.
 D = Time resting spent in this place.
 E = Time spent auto-exploring this place.
 F = Levels seen in this place.
 G = Mean time per level.
                   A        B        C        D        E       F      G
               +--------+--------+--------+--------+--------+-----+--------+
         Total |  11805 |  10270 |   1535 |   1438 |   4387 |  15 |  787.0 |
       Dungeon |  10308 |   9143 |   1165 |   1438 |   3725 |  11 |  937.1 |
        Temple |    211 |    178 |     33 |      0 |    122 |   1 |  211.0 |
          Lair |   1166 |    829 |    337 |      0 |    539 |   2 |  583.0 |
         Abyss |    119 |    119 |      0 |      0 |      0 |   1 |  119.0 |
               +--------+--------+--------+--------+--------+-----+--------+

Top non-repeatable levels by time:
    D:10: 1579 daAuts
     D:1: 1457 daAuts
     D:5: 1206 daAuts
  Lair:1: 1045 daAuts
     D:4: 1032 daAuts
     D:9: 996 daAuts
     D:8: 870 daAuts
     D:2: 791 daAuts
     D:3: 749 daAuts
     D:6: 584 daAuts
    D:11: 563 daAuts
     D:7: 477 daAuts
  Temple: 211 daAuts
  Lair:2: 121 daAuts
 Abyss:2: 119 daAuts
